AoeStats
← Blazing Cartesia, The Virtuous

Arabian Desert

509980667Analyzed
1v1 RM · 3d ago on Sep 28, 2026· 25m 46s· 2 players
Game mode
Random Map
Map size
Tiny (2 player)
Population
200
Speed
Normal
Resources
Standard
Victory
Conquest
Starting age
Dark Age
Ending age
Imperial Age
RankedLock teamsTeams togetherTeam positionsShared explorationLock speedFull tech treeHidden civsTurbo modeCheats
Victory
Defeat
1249
+17
🇧🇷 Gurjaras · Brazil
1269
-17
Blazing Cartesia, The Virtuous
6:36 Loom
9:39 Feudal Age
11:05 Forging
10:42 Double-Bit Axe
12:37 Domestication
22:12 Castle Age
20:38 Gold Mining
22:19 Scale Barding Armor
22:24 Light Cavalry
24:00 Iron Casting
Acey
7:11 Loom
10:09 Feudal Age
14:15 Fletching
25:23 Castle Age
24:07 Horse Collar
24:12 Double-Bit Axe
Connection lost

Rejoining the realm…

Still unreachable

The connection could not be restored.

Session expired

The server has moved on; the page needs a fresh start.